 Dungeon Crawl Stone Soup version 0.29.1 (webtiles) character file.

Game seed: 10529629901621239303

80 xian the Covered (level 4, 0/37 HPs)
             Began as a Hill Orc Wanderer on Sept 14, 2022.
             Slain by a white imp (2 damage)
             ... on level 3 of the Dungeon.
             The game lasted 00:06:59 (2410 turns).

xian the Covered (Hill Orc Wanderer)                Turns: 2410, Time: 00:07:00

Health: 0/37       AC: 11    Str: 18    XL:     4   Next: 39%
Magic:  5/5        EV:  7    Int: 12    God:
Gold:   206        SH:  0    Dex:  8    Spells: 4/5 levels left

rFire   . . .      SeeInvis .   n - +0 short sword
rCold   . . .      Faith    .   (no shield)
rNeg    . . .      Spirit   .   d - +0 chain mail
rPois   .          Reflect  .   (no helmet)
rElec   .          Harm     .   k - +0 cloak
rCorr   .          Rampage  .   (no gloves)
Will    .....                   (no boots)
Stlth   ..........              e - amulet of regeneration
HPRegen 0.92/turn               (no ring)
MPRegen 0.09/turn               (no ring)

@: hasted, very quick
A: no striking features
a: no special abilities


You were on level 3 of the Dungeon.
You visited 1 branch of the dungeon, and saw 4 of its levels.

You collected 206 gold pieces.

Inventory:

Hand Weapons
 n - a +0 short sword (weapon)
Missiles
 a - 4 datura-tipped darts (quivered)
 l - 6 poisoned darts
Armour
 d - a +0 chain mail (worn)
 k - a +0 cloak (worn)
Magical Staves
 m - a staff of cold
Jewellery
 e - an amulet of regeneration (around neck)
Wands
 v - a wand of charming (12)
Scrolls
 c - 3 scrolls of vulnerability
 f - 2 scrolls of amnesia
 o - 2 scrolls of enchant weapon {unknown}
 p - a scroll of brand weapon {unknown}
 q - 2 scrolls of fear
 r - 2 scrolls of summoning {unknown}
 s - a scroll of butterflies {unknown}
Potions
 b - 2 potions of lignification
 h - 2 potions of brilliance
 i - a potion of might
 j - a potion of resistance {unknown}
 t - a potion of haste
 u - 2 potions of flight {unknown}


   Skills:
 + Level 2.9 Fighting
 + Level 0.2 Short Blades
 + Level 2.2 Maces & Flails
 + Level 5.3 Armour
 + Level 0.2 Dodging
 + Level 1.7 Stealth
 + Level 1.1 Spellcasting
 + Level 1.0 Necromancy


You had 4 spell levels left.
You knew the following spells:

 Your Spells              Type           Power      Damage    Failure   Level
a - Necrotise             Necr           12%        1d4       92%         1

Your spell library contained the following spells:

 Spells                   Type           Power      Damage    Failure   Level
 Ensorcelled Hibernation  Hex/Ice        0%         N/A       99%         2
 Spider Form              Tmut/Pois      0%         N/A       100%        3
 Vampiric Draining        Necr           3%         2d6       100%        3
 Anguish                  Hex/Necr       0%         N/A       100%        4
 Hailstorm                Conj/Ice       0%         3d3       100%        4
 Ice Form                 Ice/Tmut       0%         N/A       100%        4
 Simulacrum               Ice/Necr       0%         N/A       100%        6


Dungeon Overview and Level Annotations

Branches:
Dungeon (4/15)
 Temple: D:4-7

Altars:
Hepliaklqana

Shops:
D:1 (


Message History

The endoplasm hits you but does no damage.
You are too injured to fight recklessly!
Unknown command.
Throw: 2 javelins (silver)
Press: ? - help, Q - select action, (/) - cycle Shift-Dir - straight line, f - white imp
Aim: a white imp (moderately wounded, 54% to hit)
You throw a silver javelin.
The silver javelin pierces through the white imp but does no damage.
The white imp is heavily wounded.
The white imp gestures at you.
The puff of frost hits you but does no damage.
The endoplasm freezes you.
You are frozen.
The white imp gestures at you. The puff of frost misses you.
The endoplasm barely misses you.
Throw: javelin (silver)
Press: ? - help, Q - select action, (/) - cycle Shift-Dir - straight line, f/p - white imp
Aim: a white imp (heavily wounded, 54% to hit)
You throw a silver javelin.
The silver javelin pierces through the white imp.
The white imp is severely wounded.
The white imp hits you. The white imp freezes you.
* * * LOW HITPOINT WARNING * * *
The endoplasm hits you but does no damage.
You barely miss the endoplasm.
The endoplasm is heavily wounded.
The white imp hits you but does no damage.
The endoplasm freezes you.
You are frozen.
* * * LOW HITPOINT WARNING * * *
You hit the endoplasm.
The endoplasm is almost dead.
The white imp gestures at you. The puff of frost hits you.
* * * LOW HITPOINT WARNING * * *
The endoplasm freezes you.
You are frozen.
* * * LOW HITPOINT WARNING * * *
It was a potion of haste.
You feel yourself speed up. The white imp hits you.
You die...

####.# #.##.##
.....# #.....#
####.#
####..##### #.#
#......# #.# ##
######.# #.#
##8###8## #.#
#.##8...8...8##.#
#.##.........##.#
#.#_..(.....5@#.#
#.##........J####
#.##8...8...8###
####.# ##8###8##
.....# ### ###
.#.#.## #.# #.#
.<....# #.# #.#
†#.#..# #.# #.#
......# #.# #.#


You could see a white imp and an endoplasm.

Vanquished Creatures
  2 adders
  2 worms
  3 dart slugs
  2 orcs
  6 ball pythons
  4 bats
  3 endoplasms
  6 giant cockroaches
  3 goblins
  5 hobgoblins
  2 kobolds (D:2)
  2 quokkas
  4 frilled lizards
  2 rats (D:1)
46 creatures vanquished.

Notes
Turn   | Place    | Note
-------+----------+-------------------------------------------
     0 | D:1      | xian the Hill Orc Wanderer began the quest for the Orb.
     0 | D:1      | xian set off with the following items: a +0 club, a potion
                  | of lignification, a scroll of vulnerability, a +0 chain
                  | mail; and the following spell memorised: Necrotise; and the
                  | following spells available to memorise: Vampiric Draining.
     0 | D:1      | Reached XP level 1. HP: 18/18 MP: 2/2
   157 | D:1      | Reached XP level 2. HP: 25/25 MP: 3/3
   337 | D:1      | Found Cagios's Weapon Emporium.
   495 | D:1      | Reached skill level 5 in Armour
   805 | D:2      | Reached XP level 3. HP: 22/30 MP: 4/4
   839 | D:2      | Reached skill level 1 in Maces & Flails
  1507 | D:3      | Reached XP level 4. HP: 37/37 MP: 5/5
  1757 | D:3      | Found a hazy altar of Hepliaklqana.
  2001 | D:3      | Found a faded altar of an unknown god.
  2409 | D:3      | HP: 1/37 [frozen (3)]
  2410 | D:3      | Slain by a white imp

Illustrated notes

Levels and vault maps discovered:
D:1:      minmay_arrival_diagonal_passages, layout_loops_ring, serial_shops,
          nicolae_shop_temple_entry_statues_fountains
D:2:      layout_loops_cross
D:3:      layout_loops_ring, nicolae_overflow_hidden_temple,
          shapermc_ecumenical_altar_starsandcircs, kennysheep_generic_room_15
D:4:      layout_basic, mainiacjoe_overflow_boulevard, supply_closet_lemuel,
          minmay_crystal_water, st_stairs_8

Skill      XL: |  1  2  3 |
---------------+----------+-----
Armour         | 5 |  5.3
Maces & Flails | 2 |  2.2
Fighting       | |  2.9
Short Blades   | |  0.2
Dodging        | |  0.2
Stealth        | |  1.7
Spellcasting   | |  1.1
Necromancy     | |  1.0

Action                   |  1- 3 |  4- 6 || total
-------------------------+-------+-------++-------
Melee: Club              |    78 |       ||    78
       Mace              |    85 |       ||    85
       Punch             |     1 |     2 ||     3
       Short sword       |    12 |   113 ||   125
Throw: Javelin           |     2 |     3 ||     5
 Cast: Necrotise         |     1 |       ||     1
  Use: Scroll            |     3 |     1 ||     4
       Potion            |       |     1 ||     1
Armor: Chain mail        |   142 |   102 ||   244
Dodge: Dodged            |    62 |    68 ||   130
